 Dungeon Crawl Stone Soup version 0.28.0-45-g0d030f2227 (webtiles) character file.

Game seed: 17632268225681627462

298 brightshaft the Firebug (level 6, -8/62 HPs)
             Began as an Ogre Cinder Acolyte on Apr 18, 2022.
             Was an Initiate of Vehumet.
             Mangled by a fire elemental (13 damage)
             ... created by the fiery vengeance of Ignis
             ... on level 3 of the Dungeon.
             The game lasted 00:05:56 (2883 turns).

brightshaft the Firebug (Ogre Cinder Acolyte)       Turns: 2883, Time: 00:05:56

Health: -8/62      AC:  3    Str: 19    XL:     6   Next: 36%
Magic:  11/11      EV:  9    Int: 17    God:    Vehumet [......]
Gold:   82         SH:  5    Dex: 10    Spells: 10/12 levels left

rFire   . . .      SeeInvis .   a - -1 hand axe (flame)
rCold   x . .      Faith    .   (no shield)
rNeg    . . .      Spirit   .   b - +0 robe
rPois   .          Reflect  +   (helmet restricted)
rElec   .          Harm     .   (no cloak)
rCorr   .          Rampage  .   (gloves unavailable)
Will    .....                   (boots unavailable)
Stlth   +.........              m - amulet of reflection
HPRegen 0.20/turn               f - +6 ring of dexterity
MPRegen 0.12/turn               n - ring of fire

@: fire susceptible
A: large, unfitting armour, tough skin 1
a: Renounce Religion


You were on level 3 of the Dungeon.
You worshipped Vehumet.
Vehumet was noncommittal.
You visited 1 branch of the dungeon, and saw 3 of its levels.

You collected 82 gold pieces.

Inventory:

Hand Weapons
 a - a -1 hand axe of flaming (weapon)
Armour
 b - a +0 robe (worn)
Magical Staves
 c - a staff of conjuration
Jewellery
 f - a +6 ring of dexterity (left hand)
 j - a ring of see invisible
 m - an amulet of reflection (around neck)
 n - a ring of fire (right hand)
Wands
 p - a wand of flame (19) {@v2}
Scrolls
 d - a scroll of vulnerability {unknown}
 e - a scroll of immolation {unknown}
 g - 3 scrolls of fog {unknown}
 i - 2 scrolls of teleportation {unknown}
 k - a scroll of blinking {unknown}
 l - 3 scrolls of identify {unknown}
 o - a scroll of summoning {unknown}
Potions
 h - 2 potions of brilliance {unknown}


   Skills:
 - Level 4.0 Fighting
 - Level 3.0 Axes
 + Level 3.9 Spellcasting
 * Level 5.4 Fire Magic


You had 10 spell levels left.
You knew the following spells:

 Your Spells              Type           Power      Damage    Failure   Level
a - Scorch                Fire           64%        2d8       2%          2

Your spell library contained the following spells:

 Spells                   Type           Power      Damage    Failure   Level


Dungeon Overview and Level Annotations

Branches:
Dungeon (3/15)

Altars:
Hepliaklqana
Trog
Vehumet
Xom


Innate Abilities, Weirdness & Mutations

You are too large for most types of armour.
You have tough skin. (AC +1)


Message History

There is a large open door here.
There is a large open door here.
You enter the shallow water.
Moving in this stuff is going to be slow.
There is a large open door here.
You enter the shallow water.
Moving in this stuff is going to be slow.
You see here a river rat corpse.
You see here a quokka corpse.
As you open the door, it creaks loudly!
There is an open door here.
Ignis calls forth spirits of fire to unmake you! 3 fire elementals come into view.
There is an open door here.
You enter the shallow water.
Moving in this stuff is going to be slow.
The fire elemental hits you. The fire elemental burns you!
You see here a quokka corpse.
You block the fire elemental's attack.
There is an open door here.
The fire elemental hits you. The fire elemental burns you!
The fire elemental barely misses you. The fire elemental closely misses you.
You barely miss the fire elemental. The fire elemental hits you.
The fire elemental burns you!
You hit the fire elemental.
The fire elemental is lightly damaged.
You block the fire elemental's attack.
You slash the fire elemental!
The fire elemental is moderately damaged.
The fire elemental hits you. The fire elemental burns you!
The fire elemental hits you.
* * * LOW HITPOINT WARNING * * *
The fire elemental burns you!
* * * LOW HITPOINT WARNING * * *
You block the fire elemental's attack. The fire elemental hits you.
* * * LOW HITPOINT WARNING * * *
The fire elemental burns you!
You die...

........#..#.... ..#.#########...
.######.#..^..._...^.............
.#≈≈.≈#(...# ......#..#.....####.
.##''##^...# ......#.............
..#≈≈#..##.# ..... #..#......###+
.##≈≈##.##.####^####..#......##..
.#≈≈≈≈#.##...................##..
.#≈≈≈≈#.####........##.......##.†
E##††##.°..○E☼EE@..........#.....
○☼#○☼#...#############.###'######
#°○##'...# #.........# ##......##
####.♣....# ###...## #..⌠...#
##### #.♣..### #...## #####


You could see 3 fire elementals.

Vanquished Creatures
  Sigmund (D:3)
  Natasha (twice) (D:2)
  An adder (D:3)
  A river rat (D:3)
  2 worms
  2 dart slugs
  8 ball pythons
  5 bats
  6 endoplasms
  A giant cockroach (D:1)
  10 goblins
  4 hobgoblins
  3 quokkas
  A frilled lizard (D:2)
  5 kobolds
  7 rats
59 creatures vanquished.

Vanquished Creatures (others)
  2 foxfires (D:3)
2 creatures vanquished.

Grand Total: 61 creatures vanquished

Notes
Turn   | Place    | Note
-------+----------+-------------------------------------------
     0 | D:1      | brightshaft the Ogre Cinder Acolyte began the quest for the
                  | Orb.
     0 | D:1      | Reached XP level 1. HP: 24/24 MP: 2/2
   264 | D:1      | Reached skill level 3 in Fire Magic
   352 | D:1      | Reached XP level 2. HP: 32/32 MP: 4/4
   395 | D:1      | Learned a level 2 spell: Scorch
   816 | D:1      | Reached XP level 3. HP: 26/39 MP: 0/6
   939 | D:1      | You fall into a shaft and drop 1 floor!
  1613 | D:2      | Noticed Natasha
  1622 | D:2      | Killed Natasha
  1623 | D:2      | Reached skill level 4 in Fire Magic
  1623 | D:2      | Reached XP level 4. HP: 37/48 MP: 0/7
  1629 | D:2      | Identified the +0 scale mail of the Cobbler {Slay+5}
  1689 | D:2      | Noticed Natasha
  1695 | D:2      | Killed Natasha
  1796 | D:2      | Found a faded altar of an unknown god.
  2031 | D:3      | Found a hazy altar of Hepliaklqana.
  2045 | D:3      | Noticed Sigmund
  2082 | D:3      | Killed Sigmund
  2083 | D:3      | Reached skill level 5 in Fire Magic
  2083 | D:3      | Reached XP level 5. HP: 13/54 MP: 0/10
  2083 | D:3      | Reached XP level 6. HP: 15/62 MP: 0/11
  2413 | D:3      | Found a shimmering altar of Xom.
  2624 | D:3      | Found a radiant altar of Vehumet.
  2650 | D:3      | Fell from the grace of Ignis
  2650 | D:3      | Became a worshipper of Vehumet
  2750 | D:3      | Found a bloodstained altar of Trog.
  2866 | D:3      | Noticed a fire elemental
  2866 | D:3      | Noticed a fire elemental
  2866 | D:3      | Noticed a fire elemental
  2883 | D:3      | Mangled by a fire elemental

Illustrated notes

Levels and vault maps discovered:
D:1:      lemuel_arrival_hallway, layout_basic
D:2:      layout_basic, shapermc_ecumenical_altar_mp_highgroup,
          serial_park_tiny_pond, uniq_natasha
D:3:      layout_basic, lemuel_crystal_altar, lemuel_tele_altar,
          mainiacjoe_overflow_boulevard, vehumet_altar_wand_db,
          gup_sewer_entry_bowl, chequers_serial_rivers_room_a,
          hangedman_feature_mirror, uniq_sigmund

Skill      XL: |  1  2  3  4 |
---------------+-------------+-----
Fire Magic     | 3 4 5 |  5.4
Spellcasting   | 2 3 |  3.9
Fighting       | |  4.0
Axes           | |  3.0

Action                   |  1- 3 |  4- 6 || total
-------------------------+-------+-------++-------
Melee: Hand axe          |   108 |    45 ||   153
       Punch             |     1 |       ||     1
 Cast: Scorch            |     9 |     8 ||    17
Invok: Foxfire Swarm     |       |     1 ||     1
Armor: Robe              |    42 |    20 ||    62
Dodge: Dodged            |    57 |    33 ||    90
Block: Other             |       |    14 ||    14
